 Dungeon Crawl Stone Soup version 0.23.2-1-ga50397a (webtiles) character file.

Game seed: 11259716425909271779

499471 kaladindcss the Slayer (level 25, -2/180 HPs)
             Began as a Gargoyle Fighter on May 21, 2019.
             Was the Champion of the Shining One.
             Killed by divine providence
             ... invoked by a sphinx
              (11 damage)
             ... while paralysed
             ... on level 5 of the Vaults on May 23, 2019.
             The game lasted 05:03:02 (58470 turns).

kaladindcss the Slayer (Gargoyle Fighter)          Turns: 58470, Time: 05:03:03

Health: -2/180     AC: 57    Str: 33    XL:     25   Next: 65%
Magic:  24/34      EV: -1    Int: 12    God:    the Shining One [******]
Gold:   1137       SH:  0    Dex: 18    Spells: 24/24 levels left

rFire    + + +     SeeInvis .   K - +9 sacred scourge (holy)
rCold    + . .     Gourm    .   D - +5 shield {AC+3}
rNeg     + + +     Faith    .   d - +12 plate armour of Awe {Str+2}
rPois    ∞         Spirit   .   l - +0 helmet of Mudghoarha {rN+}
rElec    +         Reflect  .   Z - scarf {rC+ rF+}
rCorr    .         Harm     .   p - +0 pair of gloves "Patz" {+Fly rPois rF+}
MR       +....                  b - +2 pair of boots {Fly}
Stlth    ..........             f - amulet "Adiqi" {+Rage rF+ Int+2}
HPRegen  0.40/turn              y - ring of Laucuatzewk {rF++ Dex+4}
MPRegen  0.24/turn              q - ring of Cofuwiz {Slay+5 Stlth+}

@: paralysed, agile, divine shield, marked, corroded, berserk cooldown, hasted
and slowed, glowing, constricted
A: big wings, icy blue scales 1, negative energy resistance 1, electricity
resistance, unbreathing, petrification resistance, rot immunity, MP-powered
wands, AC +19
}: 1/15 runes: serpentine
a: Fly, Divine Shield, Cleansing Flame, Summon Divine Warrior, Renounce
Religion, Evoke Berserk Rage, Evoke Flight


You were on level 5 of the Vaults.
You worshipped the Shining One.
The Shining One was exalted by your worship.
You were hungry.

You visited 8 branches of the dungeon, and saw 41 of its levels.
You visited the Abyss 2 times.
You also visited: Ossuary, Bailey, Gauntlet and Volcano.

You collected 5478 gold pieces.
You spent 4341 gold pieces at shops.

Inventory:

Hand Weapons
 K - a +9 sacred scourge of holy wrath (weapon)
 L - a +9 eveningstar of freezing
Armour
 b - a +2 pair of boots of flying (worn)
 d - the +12 plate armour of Awe (worn) {Str+2}
   (You bought it in a shop on level 15 of the Dungeon)

   It affects your strength (+2).
 l - the +0 helmet of Mudghoarha (worn) {rN+}
   (You found it in a Gauntlet)

   It protects you from negative energy.
 p - the +0 pair of gloves "Patz" (worn) {+Fly rPois rF+}
   (You found it in a Gauntlet)

   It protects you from fire.
   It protects you from poison.
   It lets you fly.
 D - a +5 shield of protection (worn)
 Z - a scarf of resistance (worn)
Jewellery
 f - the amulet "Adiqi" (around neck) {+Rage rF+ Int+2}
   (You acquired it on level 4 of the Vaults)

   [amulet of rage]

   It affects your intelligence (+2).
   It protects you from fire.
   It lets you go berserk.
 q - the ring of Cofuwiz (right hand) {Slay+5 Stlth+}
   (You took it off an orc on level 5 of the Depths)

   [ring of stealth]

   It affects your accuracy and damage with ranged weapons and melee attacks
   (+5).
   It makes you more stealthy.
 y - the ring of Laucuatzewk (left hand) {rF++ Dex+4}
   (You found it on level 5 of the Depths)

   [ring of dexterity]

   It affects your dexterity (+4).
   It greatly protects you from fire.
Wands
 c - a wand of paralysis (21)
 k - a wand of disintegration (26)
 E - a wand of flame (106)
 G - a wand of polymorph (24)
 J - a wand of digging (8)
 P - a wand of enslavement (7)
 S - a wand of scattershot (8)
 U - a wand of iceblast (20)
 Y - a wand of acid (12)
Scrolls
 a - 10 scrolls of teleportation
 m - 24 scrolls of remove curse
 n - 14 scrolls of amnesia
 r - 9 scrolls of fog
 s - 2 scrolls of summoning
 t - 2 scrolls of blinking
 A - a scroll of enchant armour
 B - 6 scrolls of fear
 H - 4 scrolls of silence
 W - 21 scrolls of identify
 X - 3 scrolls of magic mapping
Potions
 e - 4 potions of resistance
 h - 2 potions of ambrosia
 i - 12 potions of brilliance
 j - 17 potions of curing
 v - 7 potions of mutation
 w - 10 potions of magic
 x - 4 potions of agility
 z - 3 potions of haste
 C - 6 potions of lignification
 I - a potion of berserk rage
 O - a potion of might
 R - 2 potions of cancellation
Miscellaneous
 g - 3 phantom mirrors
 u - a fan of gales
 F - a lamp of fire
 N - a phial of floods
Comestibles
 V - 7 rations


   Skills:
 * Level 24.8 Fighting
 - Level 16.0 Maces & Flails
 * Level 24.1 Armour
 + Level 6.5 Dodging
 + Level 19.2 Shields
 + Level 1.7 Unarmed Combat
 - Level 15.5 Invocations
 * Level 9.5 Evocations


You had 24 spell levels left.
You didn't know any spells.
Your spell library contained the following spells:

 Spells                   Type           Power        Failure   Level  Hunger
 Animate Skeleton         Necr           N/A          67%         1    ##.....
 Apportation              Tloc           #.....       67%         1    ##.....
 Confusing Touch          Hex            #.....       67%         1    ##.....
 Corona                   Hex            #......      67%         1    ##.....
 Flame Tongue             Conj/Fire      #....        67%         1    ##.....
 Freeze                   Ice            #...         67%         1    ##.....
 Magic Dart               Conj           #...         67%         1    ##.....
 Pain                     Necr           #...         67%         1    ##.....
 Sandblast                Erth           #.....       67%         1    ##.....
 Shock                    Conj/Air       #...         67%         1    ##.....
 Sting                    Conj/Pois      #...         67%         1    ##.....
 Summon Small Mammal      Summ           #...         67%         1    ##.....
 Blink                    Tloc           N/A          82%         2    ###....
 Call Imp                 Summ           #.......     82%         2    ###....
 Corpse Rot               Necr           N/A          82%         2    ###....
 Ensorcelled Hibernation  Hex/Ice        #.....       82%         2    ###....
 Passwall                 Tmut/Erth      #.......     82%         2    ###....
 Poisonous Vapours        Pois/Air       #.....       82%         2    ###....
 Searing Ray              Conj           #.....       82%         2    ###....
 Slow                     Hex            #.......     82%         2    ###....
 Throw Frost              Conj/Ice       #.....       82%         2    ###....
 Confuse                  Hex            #.......     96%         3    ####...
 Conjure Flame            Conj/Fire      #.......     96%         3    ####...
 Dazzling Spray           Conj/Hex       #.....       96%         3    ####...
 Gell's Gravitas          Tloc           #.........   96%         3    ####...
 Ignite Poison            Fire/Tmut/Pois #.......     96%         3    ####...
 Mephitic Cloud           Conj/Pois/Air  #.......     96%         3    ####...
 Portal Projectile        Hex/Tloc       #.....       96%         3    ####...
 Recall                   Summ/Tloc      N/A          96%         3    ####...
 Stone Arrow              Conj/Erth      #.....       96%         3    ####...
 Tukima's Dance           Hex            #.......     96%         3    ####...
 Animate Dead             Necr           N/A          100%        4    #####..
 Force Lance              Conj/Tloc      #.......     100%        4    #####..
 Fulminant Prism          Conj/Hex       #.........   100%        4    #####..
 Ice Form                 Ice/Tmut       #.......     100%        4    #####..
 Iskenderun's Mystic Bla  Conj           #.......     100%        4    #####..
 Petrify                  Tmut/Erth      #.......     100%        4    #####..
 Alistair's Intoxication  Tmut/Pois      #.......     100%        5    ######.
 Bolt of Draining         Conj/Necr      #.........   100%        5    ######.
 Bolt of Magma            Conj/Fire/Erth #.........   100%        5    ######.
 Borgnjor's Vile Clutch   Necr/Erth      #.........   100%        5    ######.
 Metabolic Englaciation   Hex/Ice        #.........   100%        5    ######.
 Silence                  Hex/Air        #.........   100%        5    ######.
 Venom Bolt               Conj/Pois      #.........   100%        5    ######.
 Bolt of Fire             Conj/Fire      #.........   100%        6    #######
 Darkness                 Hex            #.........   100%        6    #######
 Death Channel            Necr           #.........   100%        6    #######
 Dispersal                Tloc           #.........   100%        6    #######
 Freezing Cloud           Conj/Ice/Air   #.........   100%        6    #######
 Iron Shot                Conj/Erth      #.........   100%        6    #######
 Shadow Creatures         Summ           N/A          100%        6    #######
 Simulacrum               Ice/Necr       #.........   100%        6    #######
 Malign Gateway           Summ/Tloc      #.........   100%        7    #######
 Monstrous Menagerie      Summ           #.........   100%        7    #######
 Ring of Flames           Chrm/Fire      #.........   100%        7    #######
 Summon Greater Demon     Summ           #.........   100%        7    #######
 Controlled Blink         Tloc           N/A          100%        8    #######
 Disjunction              Tloc           #.........   100%        8    #######
 Summon Horrible Things   Summ           #.........   100%        8    #######
 Shatter                  Erth           #.........   100%        9    #######
 Sublimation of Blood     Necr           Unusable     N/A         2    N/A
 Statue Form              Tmut/Erth      Unusable     N/A         6    N/A

Dungeon Overview and Level Annotations

Branches:
Dungeon (15/15)            Temple (1/1) D:5            Lair (6/6) D:8
 Shoals (0/4) Lair:2        Snake (4/4) Lair:4        Slime (0/5) Lair:5
    Orc (2/2) D:10            Elf (3/3) Orc:2        Vaults (5/5) D:13
  Crypt (0/3) Vaults:2     Depths (5/5) D:15            Zot (0/5) Depths:5

Altars:
Ashenzari
Cheibriados
Dithmenos
Elyvilon
Fedhas
Gozag
Hepliaklqana
Kikubaaqudgha
Makhleb
Nemelex Xobeh
Okawaru
Qazlal
Ru
Sif Muna
Trog
Uskayaw
Vehumet
Wu Jian
Xom
Yredelemnul
Zin
The Shining One
Beogh
Jiyva
Lugonu

Shops:
D:12 [   D:15 (*[!   Orc:2 ([*%   Elf:1 %   Elf:2 }   Elf:3 (%}(*   Vaults:3 [
Depths:3 ==}   Depths:4 %(   Depths:5 *:[

Portals:
Hell: Depths:1 Depths:2 Depths:3 Depths:4 Depths:5
Abyss: Depths:1 Depths:3 Depths:4
Pandemonium: Depths:1 Depths:3 Depths:4 Depths:5
Ziggurat: Depths:2

Annotations:
D:3 Grinder
D:6 1 runed translucent door, funkygono's ghost, novice FoEE
Lair:1 exclusion: 2 oklob plants
Lair:5 exclusion: 4 oklob plants
Lair:6 exclusion: oklob plant
Vaults:2 exclusion: 2 ice statues


Innate Abilities, Weirdness & Mutations

You are resistant to torment.
Your stone body is resilient. (AC +19)
You are immune to poison.
Your large and strong wings let you fly indefinitely.
You resist negative energy. (rN+)
You are resistant to electric shocks. (rElec)
You can survive without breathing.
You are immune to petrification.
You are immune to rotting.
You are partially covered in icy blue scales. (AC +2)
You expend magic power (3 MP) to strengthen your wands.


Message History

* * * LOW HITPOINT WARNING * * *
The golden dragon bites you!
* * * LOW HITPOINT WARNING * * *
The golden dragon claws you.
* * * LOW HITPOINT WARNING * * *
The golden dragon tramples you but does no damage.
The tentacled monstrosity tentacle-slaps you but does no damage. x3
The tentacled monstrosity constricts you.
The entropy weaver casts a spell.
The entropic weave corrodes you!
A two-headed ogre comes into view. It is wielding two +0 giant clubs.
The centaur changes into a bullfrog!
The floating eye changes into a sea snake!
The storm dragon bites you!
* * * LOW HITPOINT WARNING * * *
The storm dragon claws you but does no damage.
The storm dragon tramples you but does no damage.
The sphinx casts a spell.
Something smites you!
You die...

.#.# ##....#
O#.#[#.#....# #.
#O#O#.#.....#...
#O#.#......#...
#.#cx.Coea....


####CTWcosFep.## ....TpCpeDxDo... ....epDDCXcoZ... ....pOpD@DZGZe..
....xpQpDCpZep.. ######Ssxpup3T## .pHoCopCQTo.. .....o#x..*#ec. .###..#....#..#
#..#....# .# #..#....# .. #.^..# You could see 3 shadow dragons, a tentacled
monstrosity, an ironheart preserver, a titan, a golden dragon, 3 storm dragons,
a frost giant, a cyan very ugly thing, a fire giant, a sphinx, a stone giant, 6
vault wardens, 2 tengu reavers, 2 yaktaur captains, 3 vault guards, an entropy
weaver, 3 orc knights, 3 deep elf annihilators, a great orb of eyes, 3 ettins, a
sea snake shaped shifter, a deep elf elementalist, a soul eater, a wolf spider,
2 two-headed ogres, 2 ogre magi, 4 deep trolls, a deep elf demonologist, 2 vault
sentinels, a deep elf high priest, an ironbrand convoker, a yaktaur, a yaktaur
shaped shifter, a freezing wraith, a deep elf mage, a necromancer, 5 orc
warriors, a redback, 3 small abominations, a bullfrog shaped shifter, a
battlesphere, a sphinx simulacrum, a shadow dragon zombie, 2 crawling corpses, a
vault warden skeleton and an ironheart preserver skeleton.

Vanquished Creatures
  Mara (Depths:1)
  Sojobo (Depths:5)
  Boris (twice) (Vaults:3 Depths:4)
  Bai Suzhen (Vaults:4)
  Frederick (Depths:3)
  Saint Roka (Depths:2)
  2 caustic shrikes
  A bone dragon (Vaults:2)
  Nikola (Depths:1)
  A hellephant (Abyss:3)
  5 liches
  6 tentacled monstrosities
  Rupert (D:12)
  A deep elf blademaster (Elf:3)
  A deep elf master archer (Elf:3)
  Asterion (D:15)
  6 tentacled starspawn
  A quicksilver dragon (Depths:4)
  Kirke (D:15)
  5 tengu reavers
  6 sphinxes
  2 storm dragons
  Agnes (Snake:3)
  9 fire giants
  An azure jelly (Vaults:2)
  5 nagarajas
  3 iron dragons
  A draconian knight (Depths:5)
  7 vault wardens
  6 frost giants
  A juggernaut zombie (Depths:2)
  Aizul (Snake:2)
  A balrug (Abyss:3)
  7 deep elf sorcerers
  9 deep elf elementalists
  10 ironheart preservers
  A draconian annihilator (Depths:5)
  2 spriggan defenders (Depths:5)
  12 very ugly things
  A war gargoyle (Vaults:5)
  3 entropy weavers
  11 stone giants
  A vampire knight (Depths:4)
  4 deep elf demonologists
  Nessos (Lair:4)
  A red draconian (Volcano)
  15 spark wasps
  8 deep elf annihilators
  A minotaur (Gauntlet)
  A white draconian (Abyss:3)
  Azrael (D:15)
  An eidolon (Vaults:2)
  Snorg (D:12)
  2 jiangshi (Depths:5)
  9 ettins
  6 fire dragons
  3 great orbs of eyes
  4 deep elf death magi
  4 deep elf high priests (Elf:3)
  A death ooze (Gauntlet)
  32 vault guards
  9 yaktaur captains
  Erolcha (D:13)
  17 naga warriors
  11 ice dragons
  3 catoblepae
  A hell beast (Depths:3)
  5 rakshasas
  4 hydras
  8 centaur warriors
  3 ghost crabs (Vaults:2)
  A juggernaut simulacrum (Vaults:2)
  19 two-headed ogres
  8 anacondas
  7 spriggan air magi
  A hell hog (Gauntlet)
  14 thrashing horrors
  13 death yaks
  2 tengu warriors
  8 ogre magi
  A death knight (Vaults:4)
  3 orc high priests
  26 dancing weapons
  A titan zombie (Depths:3)
  12 deep troll earth magi
  5 spriggan berserkers
  12 deep troll shamans
  9 shock serpents
  5 vampire magi
  Urug (Lair:2)
  2 sun demons (Abyss:3)
  A titan skeleton (Depths:3)
  14 naga sharpshooters
  6 iron trolls
  20 deep elf knights
  A salamander mystic (Snake:3)
  4 wretched stars
  A skeletal warrior (D:15)
  A sixfirhy (Depths:3)
  2 glowing orange brains
  8 hell knights
  A golden dragon zombie (Depths:1)
  A spatial maelstrom (Abyss:3)
  A shadow demon (Depths:4)
  A death drake (Vaults:2)
  34 deep trolls
  6 wizards
  4 flayed ghosts
  3 unseen horrors
  5 sea snakes
  A glowing orange brain (shapeshifter) (Vaults:1)
  A deep troll (shapeshifter) (D:13)
  3 phantasmal warriors
  14 deep elf archers
  15 orc knights
  2 lindwurms (Lair:6)
  13 ironbrand convokers
  3 torturous demonspawn
  5 necromancers
  2 lindwurms (shapeshifter)
  6 naga ritualists
  A sphinx zombie (Depths:1)
  A harpy (shapeshifter) (Vaults:2)
  A tengu zombie (Depths:2)
  5 harpies
  A tengu skeleton (Vaults:2)
  A wolf spider zombie (D:14)
  10 mana vipers
  27 ugly things
  2 wolf spiders
  A sphinx skeleton (Depths:3)
  15 large abominations
  77 deep elf magi
  10 salamanders
  6 cyclopes
  A fire giant zombie (Vaults:3)
  11 orc sorcerers
  A worldbinder (Abyss:3)
  A stone giant zombie (Vaults:5)
  A manticore (D:15)
  5 guardian serpents
  28 elephants
  29 black mambas
  Maurice (D:9)
  5 smoke demons
  An apocalypse crab (Abyss:3)
  11 vault sentinels
  9 spiny frogs
  An orange demon (Abyss:1)
  4 molten gargoyles
  2 gargoyles
  25 naga magi
  A tormentor (Abyss:3)
  2 elf skeletons (Vaults:2)
  2 minotaur zombies (Gauntlet)
  3 rime drakes
  24 yaktaurs
  6 freezing wraiths
  3 kobold demonologists
  4 efreet
  6 komodo dragons
  2 tengu conjurers
  2 hellwings (Depths:3)
  11 ancient zymes
  An ice devil (Depths:3)
  2 red devils
  A queen bee (shapeshifter) (Vaults:4)
  A jumping spider (Vaults:2)
  A meliai (shapeshifter) (Depths:3)
  A jumping spider (shapeshifter) (Vaults:5)
  A silent spectre (Abyss:1)
  5 polar bears
  9 small abominations
  A sphinx simulacrum (Vaults:2)
  16 blink frogs
  10 trolls
  10 hornets
  30 slime creatures
  6 raiju (Abyss:3)
  A stone giant simulacrum (Vaults:1)
  16 dream sheep
  A fire giant simulacrum (Depths:2)
  A deep troll zombie (Depths:1)
  8 hippogriffs
  A dream sheep (shapeshifter) (Depths:5)
  5 air elementals
  3 water elementals
  Sigmund (D:3)
  4 redbacks
  16 spriggans
  2 vampires (D:15)
  A spriggan (shapeshifter) (D:14)
  21 yaks
  A fire bat (shapeshifter) (Depths:2)
  A human (shapeshifter) (D:13)
  6 wyverns
  5 ynoxinuls (Abyss:3)
  2 wraiths
  6 basilisks
  9 fire bats
  A golden eye (shapeshifter) (Vaults:1)
  A steam dragon (Lair:5)
  6 fire elementals
  2 chaos spawn (Abyss:3)
  3 hogs (D:15)
  12 vampire mosquitoes
  3 neqoxecs
  10 wargs
  A spatial vortex (Abyss:3)
  A soldier ant (shapeshifter) (Vaults:3)
  3 insubstantial wisps (Abyss:3)
  50 nagas
  5 acid dragons
  2 soldier ants
  22 water moccasins
  7 floating eyes
  5 hell hounds
  7 porcupines
  A meliai simulacrum (D:13)
  4 ice beasts
  37 orc warriors
  5 black bears
  2 necrophages
  2 sky beasts
  A phantom (D:12)
  2 eyes of draining
  A fire dragon simulacrum (Vaults:2)
  44 wolves
  9 centaurs
  19 ogres
  2 spriggan simulacra
  3 boggarts (Lair:6)
  14 crocodiles
  A human zombie (Vaults:3)
  14 bullfrogs
  5 big kobolds
  6 earth elementals
  A human skeleton (Vaults:3)
  5 water moccasin zombies (Ossuary)
  A wyvern skeleton (D:14)
  4 scorpions
  4 killer bees (D:10)
  3 wights (D:12)
  2 howler monkeys (D:11)
  5 electric eels
  15 crimson imps
  A human simulacrum (Vaults:2)
  4 quasits
  5 lava snakes (Volcano)
  2 bullfrog zombies
  3 centaur zombies
  A jelly (D:7)
  17 starcursed masses (Abyss:3)
  6 hounds
  3 iron imps
  A bullfrog skeleton (D:4)
  15 orc priests
  Crazy Yiuf (D:5)
  Ijyb (D:3)
  5 centaur skeletons
  Terence (D:3)
  A hell rat (D:8)
  2 iguanas
  67 orc wizards
  5 worker ants
  2 troll simulacra (Vaults:2)
  A big kobold zombie (Ossuary)
  A hound zombie (D:10)
  2 mummies (Ossuary)
  Robin (D:4)
  A worker ant zombie (D:10)
  7 gnolls
  A howler monkey skeleton (D:5)
  20 adders
  3 naga simulacra (Vaults:2)
  A river rat (D:8)
  6 shadow imps
  3 white imps
  4 ufetubi
  An ooze (D:3)
  8 adder zombies
  An adder skeleton (D:4)
  2 worms
  2 dart slugs
  8 leopard geckos
  130 orcs
  A ball python (D:1)
  10 bats
  2 giant cockroaches
  3 gnoll zombies (Ossuary)
  16 goblins
  4 hobgoblins
  14 jackals
  10 quokkas
  8 frilled lizards
  4 hobgoblin zombies (Ossuary)
  A jackal zombie (D:6)
  20 kobolds
  7 kobold zombies (Ossuary)
  A leopard gecko skeleton (D:4)
  3 orc zombies (Ossuary)
  2 quokka zombies
  7 rats
  2 crawling corpses (Vaults:4)
  2 fungi (D:5)
2009 creatures vanquished.

Vanquished Creatures (collateral kills)
  A juggernaut (Depths:5)
  A golden dragon (Depths:1)
  A deep elf blademaster (Elf:3)
  2 deep elf master archers (Elf:3)
  An azure jelly (Vaults:2)
  A tengu reaver (Depths:2)
  2 storm dragons
  A daeva (Abyss:3)
  A draconian knight (Depths:5)
  A frost giant (Vaults:4)
  3 deep elf sorcerers (Elf:3)
  A vault warden (Vaults:2)
  2 large abominations (Vaults:4)
  An ironheart preserver (Vaults:4)
  3 deep elf elementalists (Elf:3)
  A stone giant (Vaults:3)
  A spriggan defender (Depths:5)
  4 deep elf demonologists
  6 deep elf annihilators
  2 deep elf death magi
  A deep elf high priest (Elf:3)
  3 yaktaur captains
  A great orb of eyes (Depths:5)
  2 rakshasas
  A juggernaut simulacrum (Vaults:2)
  An ice dragon (Vaults:2)
  3 naga warriors (Snake:4)
  8 vault guards
  A centaur warrior (Vaults:2)
  A deep troll earth mage (Vaults:4)
  An ogre mage (Vaults:3)
  A tengu warrior (Depths:2)
  An orc high priest (Depths:5)
  2 dancing weapons (Elf:3)
  A naga sharpshooter (Snake:4)
  A spriggan (Depths:2)
  A deep elf knight (Elf:3)
  A fire crab (Vaults:2)
  An iron troll (Depths:5)
  A shadow wraith (Vaults:2)
  A deep troll (Depths:5)
  4 deep elf archers
  2 harpies
  8 deep elf magi
  A lindwurm (Vaults:2)
  2 necromancers
  An ironbrand convoker (Vaults:4)
  An orc knight (Vaults:3)
  A salamander (Snake:4)
  2 orc sorcerers
  7 naga magi (Snake:4)
  2 vault sentinels
  A spiny frog (Vaults:2)
  A small abomination (Vaults:4)
  3 yaktaurs (Vaults:2)
  2 anaconda simulacra (Vaults:2)
  2 freezing wraiths
  A troll (shapeshifter) (Vaults:2)
  3 hornets
  A raiju (Abyss:3)
  A hippogriff (shapeshifter) (Vaults:2)
  A stone giant simulacrum (Vaults:3)
  A spriggan skeleton (Depths:3)
  A redback (Vaults:4)
  A golden eye (shapeshifter) (Depths:4)
  2 fire elementals (Vaults:2)
  A warg (Depths:5)
  8 nagas (Snake:4)
  6 orc warriors
  2 ogres (Vaults:3)
  A centaur (Vaults:2)
  A human zombie (Vaults:3)
  A glowing shapeshifter simulacrum (Vaults:2)
  2 lava snakes (Vaults:2)
  An orc priest (Depths:5)
  An orc wizard (Vaults:3)
  16 orcs
  3 crawling corpses
165 creatures vanquished.

Vanquished Creatures (others)
  A fire giant (Vaults:3)
  A deep elf knight (Elf:1)
  A deep troll (Depths:1)
  A deep elf mage (Vaults:2)
  A boggart (Lair:6)
  An orc wizard (Orc:2)
  5 orcs
  A bush (Lair:6)
  7 fungi
  A lurking horror (Abyss:3)
  10 plants
  14 starspawn tentacles
  3 toadstools (D:5)
47 creatures vanquished.

Grand Total: 2221 creatures vanquished

Notes
Turn   | Place    | Note
-------+----------+-------------------------------------------
     0 | D:1      | kaladindcss the Gargoyle Fighter began the quest for the
                  | Orb.
     0 | D:1      | Reached XP level 1. HP: 14/14 MP: 1/1
    77 | D:1      | Reached XP level 2. HP: 19/19 MP: 2/2
   716 | D:2      | Reached XP level 3. HP: 23/23 MP: 3/3
   948 | D:2      | Reached XP level 4. HP: 29/29 MP: 4/4
  1275 | D:2      | Found a sacrificial altar of Ru.
  1282 | D:2      | Found an opulent altar of Gozag.
  1283 | D:2      | Found a shadowy altar of Dithmenos.
  1283 | D:2      | Found a bloodstained altar of Trog.
  1284 | D:2      | Found an iron altar of Okawaru.
  1284 | D:2      | Found a white marble altar of Elyvilon.
  1528 | D:3      | Found a shattered altar of Ashenzari.
  1624 | D:3      | Noticed Sigmund
  2000 | D:3      | Reached skill level 1 in Dodging
  2251 | D:3      | Found a glowing golden altar of the Shining One.
  2395 | D:3      | Noticed Grinder
  2408 | D:3      | Paralysed by Grinder for 7 turns
  2686 | D:3      | Noticed Terence
  2714 | D:3      | Killed Terence
  2714 | D:3      | Reached XP level 5. HP: 28/33 MP: 5/5
  2772 | D:3      | Killed Sigmund
  2772 | D:3      | Reached XP level 6. HP: 31/38 MP: 6/6
  2818 | D:3      | Found an ancient bone altar of Kikubaaqudgha.
  2860 | D:3      | Noticed Ijyb
  2934 | D:3      | Killed Ijyb
  2934 | D:3      | Reached skill level 5 in Shields
  3387 | D:4      | Reached XP level 7. HP: 39/44 MP: 7/7
  3402 | D:4      | Noticed Robin
  3464 | D:4      | Killed Robin
  3542 | D:4      | Found a sand-covered staircase.
  3553 | Ossuary  | Entered an ossuary
  3647 | Ossuary  | Reached skill level 5 in Fighting
  3659 | Ossuary  | Reached skill level 5 in Maces & Flails
  4396 | D:4      | Reached XP level 8. HP: 49/50 MP: 8/8
  5003 | D:4      | Found a sparkling altar of Nemelex Xobeh.
  5061 | D:5      | Entered Level 5 of the Dungeon
  5117 | D:5      | Reached skill level 5 in Armour
  5251 | D:5      | Found an ornate altar of the Wu Jian Council.
  5652 | D:5      | Found a runed translucent door.
  5653 | D:5      | Noticed Crazy Yiuf
  5659 | D:5      | Killed Crazy Yiuf
  5797 | D:5      | Found a staircase to the Ecumenical Temple.
  5804 | Temple   | Entered the Ecumenical Temple
  6043 | Temple   | Became a worshipper of the Shining One
  6158 | D:6      | Identified a scroll of acquirement
  6525 | D:6      | Reached skill level 1 in Invocations
  6579 | D:6      | Found a runed translucent door.
  6580 | D:6      | Noticed funkygono's ghost (novice FoEE)
  6615 | D:6      | Noticed a two-headed ogre
  6778 | D:6      | Killed a two-headed ogre
  6778 | D:6      | Reached XP level 9. HP: 34/56 MP: 8/10
  7051 | D:6      | Found a hazy altar of Hepliaklqana.
  8300 | D:7      | Reached * piety under the Shining One
  8435 | D:8      | Found a staircase to the Lair.
  8435 | D:8      | Noticed a death yak
  8435 | D:8      | Noticed a death yak
  8436 | D:8      | Noticed a death yak
  8462 | D:8      | Killed a death yak
  8462 | D:8      | Reached XP level 10. HP: 45/63 MP: 12/12
  8469 | D:8      | Killed a death yak
  8469 | D:8      | Reached skill level 10 in Maces & Flails
  8476 | D:8      | Killed a death yak
  9751 | D:9      | Noticed Maurice
  9891 | D:9      | Killed Maurice
 10328 | D:9      | Reached XP level 11. HP: 69/69 MP: 14/14
 10508 | D:9      | Reached ** piety under the Shining One
 10650 | D:10     | Entered Level 10 of the Dungeon
 10776 | D:10     | Found a staircase to the Orcish Mines.
 10853 | D:10     | Reached skill level 5 in Invocations
 10865 | D:10     | Noticed a catoblepas
 10982 | D:10     | Killed a catoblepas
 11721 | D:11     | Noticed a cyclops
 11727 | D:11     | Killed a cyclops
 11827 | D:11     | Reached *** piety under the Shining One
 12498 | Lair:1   | Entered Level 1 of the Lair of Beasts
 12689 | Lair:1   | Found an iron altar of Okawaru.
 13055 | Lair:1   | Noticed an oklob plant
 13055 | Lair:1   | Noticed an oklob plant
 13381 | Lair:2   | Found a staircase to the Shoals.
 13395 | Lair:2   | Reached XP level 12. HP: 68/76 MP: 16/16
 13435 | Lair:2   | Noticed Urug
 13584 | Lair:2   | Killed Urug
 14345 | Lair:3   | Found a dark tunnel.
 14403 | Volcano  | Entered a volcano
 14489 | Volcano  | Noticed a two-headed ogre
 14492 | Volcano  | Killed a two-headed ogre
 14492 | Volcano  | Reached skill level 10 in Fighting
 14498 | Volcano  | Found a radiant altar of Vehumet.
 14498 | Volcano  | Noticed an ogre mage
 14498 | Volcano  | Noticed a two-headed ogre
 14498 | Volcano  | Noticed a two-headed ogre
 14504 | Volcano  | Killed a two-headed ogre
 14508 | Volcano  | Killed a two-headed ogre
 14510 | Volcano  | Killed an ogre mage
 14520 | Volcano  | Noticed a two-headed ogre
 14528 | Volcano  | Killed a two-headed ogre
 14671 | Volcano  | Noticed a red draconian
 14698 | Volcano  | HP: 1/77 [lava snake/glob of lava (18)]
 14710 | Volcano  | Killed a red draconian
 15099 | Volcano  | Got a pair of jewelled boots
 15198 | Lair:3   | Identified the +1 pair of boots of the Foremost Ships {rF-
                  | rN+ Dex+3} (You found it in a volcano)
 15237 | Lair:3   | Reached **** piety under the Shining One
 15383 | Lair:3   | Noticed a death yak
 15392 | Lair:3   | Noticed a death yak
 15393 | Lair:3   | Noticed a death yak
 15393 | Lair:3   | Noticed a death yak
 15756 | Lair:3   | Noticed a death yak
 15757 | Lair:3   | Noticed a death yak
 15775 | Lair:3   | Killed a death yak
 15775 | Lair:3   | Reached skill level 15 in Maces & Flails
 15775 | Lair:3   | Reached XP level 13. HP: 76/83 MP: 18/18
 16825 | Lair:4   | Found a staircase to the Snake Pit.
 17097 | Lair:4   | Noticed Nessos
 17119 | Lair:4   | Killed Nessos
 17411 | Lair:4   | Found an ancient bone altar of Kikubaaqudgha.
 17752 | Lair:4   | Gained mutation: Your large and strong wings let you fly
                  | indefinitely. [Gargoyle growth]
 17752 | Lair:4   | Reached XP level 14. HP: 23/92 MP: 20/20
 18444 | Lair:5   | Paralysed by a floating eye for 3 turns
 18450 | Lair:5   | Paralysed by a floating eye for 3 turns
 18463 | Lair:5   | Paralysed by a floating eye for 3 turns
 18641 | Lair:5   | Paralysed by a floating eye for 4 turns
 18953 | Lair:5   | Reached skill level 1 in Evocations
 19593 | Lair:5   | Found a staircase to the Slime Pits.
 19593 | Lair:5   | Found a viscous altar of Jiyva.
 19944 | Lair:6   | Entered Level 6 of the Lair of Beasts
 20769 | Lair:6   | Reached skill level 10 in Armour
 20769 | Lair:6   | Reached skill level 10 in Shields
 21715 | Lair:6   | Reached XP level 15. HP: 95/100 MP: 21/21
 22263 | D:12     | Noticed Rupert
 22270 | D:12     | Paralysed by Rupert for 5 turns
 22282 | D:12     | Killed Rupert
 22618 | D:12     | Noticed Snorg
 22632 | D:12     | Killed Snorg
 22828 | D:12     | Reached ***** piety under the Shining One
 22867 | D:12     | Identified the Reference Book on Stolen Souls and Attacks
 23454 | D:12     | Found Agorchuo's Armour Boutique.
 23463 | D:12     | Bought a scarf of repulsion for 168 gold pieces
 23729 | D:13     | Noticed a frost giant
 23735 | D:13     | Killed a frost giant
 23787 | D:13     | Noticed Erolcha
 23802 | D:13     | Killed Erolcha
 23829 | D:13     | Found a gate leading to a gauntlet.
 23877 | Gauntlet | Entered a Gauntlet
 23877 | Gauntlet | Found a transporter.
 23880 | Gauntlet | Found a transporter.
 23901 | Gauntlet | Found a transporter.
 23901 | Gauntlet | Found a transporter.
 23912 | Gauntlet | Found a transporter.
 23933 | Gauntlet | Found a transporter.
 23937 | Gauntlet | Found a transporter.
 23941 | Gauntlet | Found a transporter.
 24003 | Gauntlet | Found a transporter.
 24241 | Gauntlet | Got a scorched helmet
 24254 | Gauntlet | Identified the cursed +0 helmet of Mudghoarha {rN+} (You
                  | found it in a Gauntlet)
 24290 | Gauntlet | Got a pair of faintly humming gloves
 24301 | Gauntlet | Identified the +0 pair of gloves "Patz" {+Fly rPois rF+}
                  | (You found it in a Gauntlet)
 25345 | D:13     | Reached skill level 15 in Fighting
 25617 | D:13     | Found a gate to the Vaults.
 26213 | D:14     | Found a flagged portal.
 26410 | Bailey   | Entered a bailey
 26438 | Bailey   | Reached skill level 10 in Invocations
 26450 | Bailey   | Reached XP level 16. HP: 102/108 MP: 23/23
 26898 | D:15     | Entered Level 15 of the Dungeon
 26908 | D:15     | Reached ****** piety under the Shining One
 26934 | D:15     | Identified a +5 sacred scourge of holy wrath (a +3 demon
                  | whip of flaming blessed by the Shining One)
 26934 | D:15     | Received a gift from the Shining One
 27291 | D:15     | Found Jissuin's Armour Boutique.
 27323 | D:15     | Bought the +12 plate armour of Awe {Str+2} for 1413 gold
                  | pieces
 27343 | D:15     | Found Alocretac's General Store.
 27347 | D:15     | Bought a potion of agility for 48 gold pieces
 27347 | D:15     | Bought a ration for 60 gold pieces
 27347 | D:15     | Bought a scroll of enchant weapon for 90 gold pieces
 27347 | D:15     | Bought a ration for 60 gold pieces
 27574 | D:15     | Noticed Kirke
 27819 | D:15     | Found a staircase to the Depths.
 27945 | D:15     | Found Ruzxuff's Distillery.
 27965 | D:15     | Bought a potion of heal wounds for 80 gold pieces
 27965 | D:15     | Noticed Azrael
 27971 | D:15     | Killed Azrael
 28012 | D:15     | Paralysed by an ogre mage for 7 turns
 28275 | D:15     | Reached skill level 1 in Unarmed Combat
 28280 | D:15     | Paralysed by an ogre mage for 7 turns
 28391 | D:15     | Found Ogaotteu's Weapon Boutique.
 28829 | D:15     | Noticed a sphinx
 28855 | D:15     | Paralysed by a sphinx for 4 turns
 28868 | D:15     | Killed Kirke
 29268 | Orc:1    | Entered Level 1 of the Orcish Mines
 29624 | Orc:2    | Entered Level 2 of the Orcish Mines
 29632 | Orc:2    | Found Jasinir's Food Shoppe.
 29783 | Orc:2    | Found a staircase to the Elven Halls.
 30010 | Orc:2    | Found a roughly hewn altar of Beogh.
 30062 | Orc:2    | Found Miuzeps's Assorted Antiques.
 30062 | Orc:2    | Found Amifracw's Food Shoppe.
 30082 | Orc:2    | Bought a scroll of teleportation for 87 gold pieces
 30091 | Orc:2    | Bought a ration for 70 gold pieces
 30159 | Orc:2    | Found a roughly hewn altar of Beogh.
 30203 | Orc:2    | Found Xiowk's Antique Weapon Shop.
 30226 | Orc:2    | Found Teucw's Armour Shoppe.
 30685 | Snake:1  | Entered Level 1 of the Snake Pit
 30807 | Snake:1  | Reached XP level 17. HP: 103/113 MP: 24/24
 31076 | Snake:1  | Reached skill level 15 in Shields
 31447 | Snake:1  | Found a glowing silver altar of Zin.
 32180 | Snake:2  | Reached skill level 15 in Armour
 32193 | Snake:2  | Noticed Aizul
 32204 | Snake:2  | Killed Aizul
 32614 | Snake:3  | Got a dazzling scythe
 32620 | Snake:3  | Identified the +3 scythe of Prudence {slice, *Noise rPois
                  | Stlth+} (You found it on level 3 of the Snake Pit)
 33015 | Snake:3  | Noticed Agnes
 33025 | Snake:3  | Killed Agnes
 33125 | Snake:3  | Reached XP level 18. HP: 66/119 MP: 25/25
 33588 | Snake:4  | Entered Level 4 of the Snake Pit
 34875 | Snake:4  | Got a serpentine rune of Zot
 35168 | Orc:2    | Bought a ration for 70 gold pieces
 35168 | Orc:2    | Bought a ration for 70 gold pieces
 35168 | Orc:2    | Bought a ration for 70 gold pieces
 35498 | Vaults:1 | Entered Level 1 of the Vaults
 36061 | Vaults:1 | Got a wavering platinum ring
 37170 | Vaults:2 | You fall through a shaft for 2 floors!
 37278 | Vaults:2 | Reached XP level 19. HP: 124/124 MP: 26/26
 37325 | Vaults:2 | Identified Sif Muna's Volume of Stones
 37946 | Vaults:2 | Identified the Compendium of Precision Catastrophes
 38214 | Vaults:2 | Noticed a bone dragon
 38228 | Vaults:2 | Killed a bone dragon
 38672 | Vaults:2 | Identified the Catalogue of Articulation
 38702 | Vaults:2 | Identified the ring of Fatommuavi {+Fly rF+ Int+2 Stlth+}
                  | (You found it on level 1 of the Vaults)
 38750 | Vaults:2 | Identified the Guide on the Blaze
 38890 | Vaults:2 | Found a staircase to the Crypt.
 38890 | Vaults:2 | Found an ancient bone altar of Kikubaaqudgha.
 38891 | Vaults:2 | Found a basalt altar of Yredelemnul.
 39214 | Vaults:3 | Reached skill level 5 in Evocations
 39223 | Vaults:3 | Found Cahesche's Armour Shop.
 39241 | Vaults:3 | Noticed Boris
 39256 | Vaults:3 | Killed Boris
 39328 | Vaults:3 | Reached XP level 20. HP: 83/132 MP: 10/27
 39359 | Vaults:3 | Cast into level 1 of the Abyss (orc warrior)
 39556 | Abyss:1  | Gained mutation: Armour fits poorly on your strangely
                  | shaped body. [a neqoxec]
 39749 | Abyss:1  | Found a bloodstained altar of Trog.
 39807 | Vaults:3 | Escaped the Abyss
 41087 | Orc:2    | Bought a ration for 70 gold pieces
 41087 | Orc:2    | Bought a ration for 70 gold pieces
 41087 | Orc:2    | Bought a ration for 70 gold pieces
 41087 | Orc:2    | Bought a ration for 70 gold pieces
 41087 | Orc:2    | Bought a ration for 70 gold pieces
 41087 | Orc:2    | Bought a ration for 70 gold pieces
 41087 | Orc:2    | Bought a ration for 70 gold pieces
 41087 | Orc:2    | Bought a ration for 70 gold pieces
 42058 | Vaults:4 | Got a sparkling silver amulet
 42060 | Vaults:4 | Identified the amulet "Adiqi" {+Rage rF+ Int+2} (You
                  | acquired it on level 4 of the Vaults)
 42074 | Vaults:4 | Noticed Bai Suzhen
 42090 | Vaults:4 | Killed Bai Suzhen
 42822 | Elf:1    | Entered Level 1 of the Elven Halls
 42849 | Elf:1    | Found a radiant altar of Vehumet.
 42875 | Elf:1    | Reached XP level 21. HP: 141/141 MP: 30/30
 42961 | Elf:1    | Identified the +0 leather armour of Dem Cof {rElec rPois
                  | rC+ rCorr}
 43032 | Elf:1    | Identified the Compendium of Attacks
 43615 | Elf:1    | Found Laanud's Food Boutique.
 43623 | Elf:1    | Bought a ration for 60 gold pieces
 44377 | Depths:1 | Entered Level 1 of the Depths
 44443 | Depths:1 | Noticed Nikola
 44462 | Depths:1 | Killed Nikola
 44617 | Depths:1 | Found a corrupted altar of Lugonu.
 44620 | Depths:1 | Found a one-way gate to the infinite horrors of the Abyss.
 44644 | Depths:1 | Noticed Mara
 44666 | Depths:1 | Noticed kaladindcss's illusion
 44694 | Depths:1 | Noticed Asterion
 44820 | Depths:1 | Noticed kaladindcss's illusion
 44839 | D:15     | Killed Asterion
 44921 | Depths:1 | Noticed kaladindcss's illusion
 45079 | Depths:1 | Killed Mara
 45115 | Depths:1 | Found a gateway to Hell.
 45644 | Depths:1 | Found a one-way gate leading to the halls of Pandemonium.
 45930 | Depths:2 | Paralysed by a sphinx for 5 turns
 45965 | Depths:2 | Paralysed by a sphinx for 3 turns
 45980 | Depths:2 | Paralysed by a sphinx for 3 turns
 46159 | Depths:2 | Noticed a golden dragon
 46172 | Depths:2 | Cast into level 3 of the Abyss (a deep elf sorcerer)
 46318 | Abyss:3  | Reached XP level 22. HP: 117/150 MP: 30/32
 46696 | Abyss:3  | Reached skill level 5 in Dodging
 47274 | Abyss:3  | Identified the +4 large shield "Nigusuf" {rPois rN+}
 47337 | Depths:2 | Escaped the Abyss
 47684 | Depths:1 | Lost mutation: Armour fits poorly on your strangely shaped
                  | body. [potion of mutation]
 47684 | Depths:1 | Gained mutation: You expend magic power (3 MP) to
                  | strengthen your wands. [potion of mutation]
 47684 | Depths:1 | Gained mutation: You are agile. (Dex +2) [potion of
                  | mutation]
 47684 | Depths:1 | Lost mutation: You are agile. (Dex +2) [potion of mutation]
 47684 | Depths:1 | Gained mutation: You are partially covered in icy blue
                  | scales. (AC +2) [potion of mutation]
 47791 | Depths:1 | Killed a golden dragon
 48499 | Depths:2 | Found a gateway to a ziggurat.
 48969 | Depths:3 | Noticed Saint Roka
 49004 | Depths:2 | Killed Saint Roka
 49338 | Depths:3 | Reached XP level 23. HP: 135/158 MP: 33/33
 49595 | Depths:3 | Noticed Frederick
 49879 | Depths:3 | Killed Frederick
 50033 | Depths:3 | Found Fapna's Jewellery Boutique.
 50034 | Depths:3 | Found Dygaw's Gadget Shoppe.
 50042 | Depths:3 | Found Ucviesm's Jewellery Boutique.
 51006 | Depths:4 | Noticed Boris
 51023 | Depths:4 | Killed Boris
 51034 | Depths:4 | Found a huge runed gate.
 51036 | Depths:4 | Found a huge runed gate.
 51036 | Depths:4 | Found a huge runed gate.
 51037 | Depths:4 | Found a huge runed gate.
 51038 | Depths:4 | Found a huge runed gate.
 51052 | Depths:4 | Found Weteppew's Food Emporium.
 51056 | Depths:4 | Found Ofust's Antique Weapon Shoppe.
 51269 | Depths:4 | Found a huge runed gate.
 51269 | Depths:4 | Found a huge runed gate.
 51271 | Depths:4 | Found a huge runed gate.
 51273 | Depths:4 | Found a huge runed gate.
 51274 | Depths:4 | Found a huge runed gate.
 51299 | Depths:4 | Found a huge runed gate.
 51299 | Depths:4 | Found a huge runed gate.
 51300 | Depths:4 | Found a huge runed gate.
 51326 | Depths:4 | Found a huge runed gate.
 51326 | Depths:4 | Found a huge runed gate.
 51327 | Depths:4 | Found a huge runed gate.
 51339 | Depths:4 | Found a huge runed gate.
 51340 | Depths:4 | Found a huge runed gate.
 51511 | Depths:4 | Reached skill level 15 in Invocations
 51753 | Depths:4 | Found a huge runed gate.
 51753 | Depths:4 | Found a huge runed gate.
 51753 | Depths:4 | Found a huge runed gate.
 51757 | Depths:4 | Found a huge runed gate.
 51757 | Depths:4 | Found a huge runed gate.
 51758 | Depths:4 | Found a huge runed gate.
 51760 | Depths:4 | Found a huge runed gate.
 51761 | Depths:4 | Found a huge runed gate.
 51762 | Depths:4 | Found a huge runed gate.
 51999 | Depths:4 | Noticed a caustic shrike
 51999 | Depths:4 | Noticed a juggernaut
 52020 | Depths:4 | Killed a caustic shrike
 52679 | Depths:5 | Entered Level 5 of the Depths
 52811 | Depths:5 | Noticed a caustic shrike
 52814 | Depths:5 | Paralysed by a floating eye for 2 turns
 52820 | Depths:5 | Killed a caustic shrike
 52845 | Depths:5 | Found Ryriwiti's General Store.
 52886 | Depths:5 | Reached XP level 24. HP: 167/167 MP: 34/34
 53089 | Depths:5 | Paralysed by a floating eye for 2 turns
 53098 | Depths:5 | Paralysed by a floating eye for 4 turns
 53306 | Depths:5 | Noticed a juggernaut
 53310 | Depths:5 | Identified the ring of Cofuwiz {Slay+5 Stlth+}
 53330 | Depths:5 | Killed a juggernaut
 53352 | Depths:5 | Found Ynoim's Book Boutique.
 53380 | Depths:5 | Bought a manual of Fighting for 1435 gold pieces
 53435 | Depths:5 | Paralysed by a floating eye for 2 turns
 53471 | Depths:5 | Found Bepicrum's Antique Armour Shop.
 53505 | Depths:5 | Noticed Sojobo
 53542 | Depths:5 | Killed Sojobo
 53636 | Depths:5 | Got a pitted silver ring
 53638 | Depths:5 | Identified the ring of Laucuatzewk {rF++ Dex+4} (You found
                  | it on level 5 of the Depths)
 53859 | Depths:5 | Identified the ring of Seadeneu {rF+ MP+9 Str+3}
 53999 | Depths:5 | Found a gate to the Realm of Zot.
 54544 | Elf:2    | Found Xoff's Gadget Shop.
 54762 | Elf:2    | Found a runed translucent gate.
 54762 | Elf:2    | Found a runed translucent gate.
 54762 | Elf:2    | Found a runed translucent gate.
 55248 | Elf:3    | Entered Level 3 of the Elven Halls
 55617 | Elf:3    | Reached XP level 25. HP: 124/178 MP: 28/34
 55797 | Elf:3    | Identified the +5 lajatang of an ossuary {flame, *Rage
                  | Str+6 Int+6}
 55970 | Elf:3    | Got a twisted ring mail
 55981 | Elf:3    | Identified the +5 ring mail "Gurghiech" {Slay+2} (You found
                  | it on level 3 of the Elven Halls)
 56076 | Elf:3    | Identified the Almanac of Clay and Cold
 56079 | Elf:3    | Identified Ramios's Grimoire of Ashen Cold
 56590 | Elf:3    | Found Foamonk's Food Emporium.
 56601 | Elf:3    | Found Xuces's Gadget Shop.
 56668 | Elf:3    | Found Ebofekop's General Store.
 56688 | Elf:3    | Found Saiprott's Weapon Emporium.
 56910 | Elf:3    | Found Lidimofy's Antique Weapon Shoppe.
 58008 | Vaults:5 | Entered Level 5 of the Vaults
 58341 | Vaults:5 | Identified the +13 large shield of Beauty {rN+ SInv}
 58429 | Vaults:5 | Identified the +8 hand axe of Abuse {vamp, rPois Str+9
                  | Dex-4}
 58470 | Vaults:5 | HP: 9/180 [storm dragon (9)]
 58470 | Vaults:5 | Killed from afar by a sphinx

Skill      XL: |  1  2  3  4  5  6  7  8  9 10 11 12 13 14 15 16 17 18 19 20 21 22 23 24 25 |
---------------+----------------------------------------------------------------------------+-----
Shields        | 4 5 6 7 8 9 10 14 15 17 18 19 | 19.2
Dodging        | 1 3 4 6 |  6.5
Maces & Flails | 3 4 5 8 9 11 13 15 16 | 16.0
Fighting       | 4 5 6 7 8 9 10 12 13 15 16 18 19 20 21 23 24 | 24.8
Armour         | 4 5 6 7 8 10 11 13 16 19 21 22 23 24 | 24.1
Invocations    | 2 3 4 5 7 8 9 10 12 13 14 15 | 15.5
Evocations     | 2 4 5 6 7 8 9 |  9.5
Unarmed Combat | 1 |  1.7

Action                   |  1- 3 |  4- 6 |  7- 9 | 10-12 | 13-15 | 16-18 | 19-21 | 22-24 | 25-27 || total
-------------------------+-------+-------+-------+-------+-------+-------+-------+-------+-------++-------
Melee: Flail             |   121 |   262 |   443 |       |       |       |       |       |       ||   826
       Unarmed           |       |     1 |       |       |       |    19 |       |       |       ||    20
       Eveningstar       |       |       |   182 |   620 |  1038 |  1062 |   680 |       |       ||  3582
       Sacred scourge    |       |       |       |       |       |   168 |   602 |  1940 |   371 ||  3081
Invok: Divine Shield     |       |       |       |     4 |    12 |     2 |     5 |     8 |     5 ||    36
       Brand Weapon With |       |       |       |       |       |     1 |       |       |       ||     1
       Summon Divine War |       |       |       |       |       |     4 |    17 |    14 |     5 ||    40
       Cleansing Flame   |       |       |       |       |       |       |     2 |       |       ||     2
 Abil: Stop Flying       |       |       |       |       |     3 |       |     1 |       |       ||     4
       Fly               |       |       |       |       |     1 |       |     1 |       |       ||     2
       Evoke Flight      |       |       |       |       |     1 |       |       |       |       ||     1
       Evoke Berserk Rag |       |       |       |       |       |       |     1 |     1 |       ||     2
Evoke: Wand              |       |       |       |     4 |     1 |       |     5 |       |     1 ||    11
  Use: Scroll            |       |     5 |     9 |    17 |    16 |    10 |    11 |     6 |     1 ||    75
       Potion            |       |       |     4 |     7 |     4 |     4 |     4 |     8 |     7 ||    38
  Eat: Ration            |       |     3 |     4 |     8 |     9 |    11 |     9 |    10 |     3 ||    57
       Chunk             |       |     1 |     2 |       |     1 |     3 |       |     2 |       ||     9
Armor: Scale mail        |    82 |     1 |       |       |       |       |       |       |       ||    83
       Plate armour      |       |   220 |   472 |   341 |   707 |   685 |   716 |   739 |   253 ||  4133
Dodge: Dodged            |    50 |    54 |    97 |   134 |   375 |   328 |   363 |   392 |   132 ||  1925
       Deflected         |       |       |       |       |     7 |       |       |       |       ||     7
Block: Shield            |    79 |   153 |   275 |   198 |       |   867 |   760 |  1242 |   470 ||  4044
       Buckler           |       |       |       |    52 |   412 |     6 |       |       |       ||   470
